AoeStats
← THL

Enclosed

506310760Analyzed
1v1 RM · 20d ago on Sep 13, 2026· 19m 15s· 2 players
Game mode
Random Map
Map size
Tiny (2 player)
Population
200
Speed
Normal
Resources
Standard
Victory
Conquest
Starting age
Dark Age
Ending age
Imperial Age
RankedLock teamsTeams togetherTeam positionsShared explorationLock speedFull tech treeHidden civsTurbo modeCheats
Victory
Defeat
🇻🇳 Mongols · Vietnam
1830
+14
🇷🇴 Aztecs · Romania
1781
-14
Kirtap
6:34 Loom
8:53 Feudal Age
8:55 Man-at-Arms
9:21 Double-Bit Axe
15:53 Town Watch
19:00 Castle Age
17:58 Scale Mail Armor
18:48 Fletching
THL
8:03 Feudal Age
8:44 Loom
9:09 Double-Bit Axe
15:45 Fletching
17:18 Wheelbarrow
17:19 Padded Archer Armor
21:45 Castle Age
Connection lost

Rejoining the realm…

Still unreachable

The connection could not be restored.

Session expired

The server has moved on; the page needs a fresh start.